 Dungeon Crawl Stone Soup version 0.20-a0-1043-gbd57889 (webtiles) character file.

21 taynancid the Shield-Bearer (level 2, 0/19 HPs)
             Began as a Gargoyle Fighter on Apr 25, 2017.
             Slain by a kobold
             ... wielding a +0 club
              (1 damage)
             ... on level 2 of the Dungeon.
             The game lasted 00:03:02 (1058 turns).

taynancid the Shield-Bearer (Gargoyle Fighter)      Turns: 1058, Time: 00:03:02

Health: 0/19       AC: 10    Str: 19    XL:     2   Next: 87%
Magic:  2/2        EV:  7    Int:  8    God:
Gold:   45         SH:  9    Dex:  9    Spells: 1/1 levels left

rFire    . . .     SeeInvis .   a - +0 flail
rCold    . . .     Gourm    .   c - +0 shield
rNeg     + . .     Faith    .   b - +0 scale mail
rPois    ∞         Spirit   .   n - +0 helmet
rElec    +         Reflect  .   (no cloak)
rCorr    .         Harm     .   (no gloves)
MR       .....                  (no boots)
Stlth    ..........             (no amulet)
Regen    0.1/turn               (no ring)
MPRegen  0.1/turn               (no ring)

@: no status effects
A: negative energy resistance 1, electricity resistance, unbreathing,
petrification resistance, rot immunity, AC +2
a: no special abilities


You were on level 2 of the Dungeon.
You were hungry.

You visited 1 branch of the dungeon, and saw 2 of its levels.

You collected 45 gold pieces.

Inventory:

Hand Weapons
 a - a +0 flail (weapon)
Armour
 b - a +0 scale mail (worn)
 c - a +0 shield (worn)
 n - a +0 helmet (worn)
Scrolls
 g - a scroll of noise {unknown}
 k - 2 scrolls of random uselessness {unknown}
 l - 2 scrolls of teleportation {unknown}
 o - 2 scrolls of identify {unknown}
 p - a scroll of enchant weapon {unknown}
 q - 2 scrolls of enchant armour {unknown}
Potions
 d - a potion of might
 e - a potion of lignification {unknown}
 i - 2 potions of heal wounds {unknown}
 j - a potion of mutation {unknown}
Comestibles
 f - a bread ration
 h - 3 fruits
 m - a chunk of flesh


   Skills:
 + Level 3.4 Fighting
 * Level 2.4 Maces & Flails
 + Level 3.5 Armour
 + Level 3.7 Shields


You had one spell level left.
You didn't know any spells.

Dungeon Overview and Level Annotations

Branches:
Dungeon (2/15)

Altars:


Innate Abilities, Weirdness & Mutations

You are resistant to torment.
Your stone body is resilient. (AC +2)
You are immune to poison.
You resist negative energy. (rN+)
You are resistant to electric shocks. (rElec)
You can survive without breathing.
You are immune to petrification.
You are immune to rotting.


Message History

You closely miss the adder.
The adder is heavily wounded.
The adder bites you but does no damage. You block the kobold's attack.
The adder bites you but does no damage.
Your shield prevents you from hitting the adder.
The adder is heavily wounded.
The adder bites you but does no damage. The kobold hits you with a club.
* * * LOW HITPOINT WARNING * * *
The worm bites you but does no damage. The adder barely misses you.
The kobold hits you but does no damage.
You miss the adder.
The adder is heavily wounded.
The adder bites you but does no damage. The worm barely misses you.
You block the kobold's attack. The adder barely misses you.
You closely miss the adder.
The adder is heavily wounded.
The adder bites you.
* * * LOW HITPOINT WARNING * * *
The kobold hits you with a club.
You die...

..... .. # ... ...
#. ... #.. #..
..##.... #...
#..#.#..
#....###.#.#.#
#........w#.#..
#(@#%.$# ###†SK#
#.(..#.#
#####(#.....)..
#.....#.......#
###.#########...#
#.......... .....
#.#.#########..$..
#.#........... #.


You could see a worm, an adder and a kobold.

Vanquished Creatures
  A dart slug (D:2)
  A leopard gecko (D:2)
  A ball python (D:1)
  A giant cockroach (D:1)
  2 goblins (D:1)
  2 hobgoblins
  4 jackals (D:1)
  2 kobolds
  A rat (D:1)
15 creatures vanquished.

Notes
Turn   | Place    | Note
-------+----------+-------------------------------------------
     0 | D:1      | taynancid the Gargoyle Fighter began the quest for the Orb.
     0 | D:1      | Reached XP level 1. HP: 14/14 MP: 1/1
   587 | D:1      | Reached XP level 2. HP: 19/19 MP: 2/2
  1058 | D:2      | Slain by a kobold

Vault maps used:
D:1:      dpeg_arrival_boxorama, minmay_misc_feat_room
D:2:      minmay_tiny_reverse_x

Action                   || total
-------------------------++-------
Melee: Flail             ||    72
Armor: Scale mail        ||    57
Dodge: Dodged            ||    41
Block: Shield            ||    58
